AoeStats
← fixgamesdp

Fortress

510387128Analyzed
1v1 RM · 19h ago on Sep 30, 2026· 15m 4s· 2 players
Game mode
Random Map
Map size
Small (3 player)
Population
200
Speed
Normal
Resources
Standard
Victory
Conquest
Starting age
Dark Age
Ending age
Imperial Age
RankedLock teamsTeams togetherTeam positionsShared explorationLock speedFull tech treeHidden civsTurbo modeCheats
Victory
Defeat
🇫🇷 Khmer · France
297
+14
🇦🇷 Khmer · Argentina
256
-14
fixgamesdp
2:24 Loom
7:33 Feudal Age
9:28 Town Watch
12:05 Bloodlines
12:23 Horse Collar
DartBoGame
5:06 Loom
8:36 Feudal Age
14:16 Castle Age
Connection lost

Rejoining the realm…

Still unreachable

The connection could not be restored.

Session expired

The server has moved on; the page needs a fresh start.